 Dungeon Crawl Stone Soup version 0.16.0-12-g7215832 (webtiles) character file.

46 timbw the Cudgeler (level 3, -4/26 HPs)
             Began as a Human Arcane Marksman on Mar 19, 2015.
             Killed by nerve-wracking pain
             ... invoked by an orc priest
              (9 damage)
             ... on level 3 of the Dungeon.
             The game lasted 00:03:15 (1245 turns).

timbw the Cudgeler (Human Arcane Marksman)          Turns: 1245, Time: 00:03:15

Health: -4/26      AC:  5    Str: 11    XL:     3   Next: 95%
Magic:  4/4        EV: 10    Int: 15    God:
Gold:   25         SH:  0    Dex: 13    Spells: 1 memorised, 3 levels left

rFire  . . .     SeeInvis .     e - +0 whip
rCold  . . .     Clarity  .     k - +0 ring mail
rNeg   . . .     SustAb   .     (no shield)
rPois  .         Gourm    .     (helmet restricted)
rElec  .         Spirit   .     (no cloak)
rCorr  .         Warding  .     (no gloves)
rMut   .         Stasis   .     (no boots)
MR     .....                    (no amulet)
Stlth  ..........               (no ring)
                                h - ring of flight

@: hasted, very quick, not resistant to hostile enchantments, extremely
unstealthy
A: hooves 1, horns 1, clever 1
a: Evoke Flight


You were on level 3 of the Dungeon.
You were not hungry.

You visited 1 branch of the dungeon, and saw 3 of its levels.

You collected 25 gold pieces.

Inventory:

Hand weapons
 e - a +0 whip (weapon)
Missiles
 b - 5 javelins (quivered)
Armour
 a - a +0 robe
 k - a +0 ring mail (worn)
 r - a +0 helmet
Jewellery
 h - a ring of flight (left hand)
Scrolls
 g - 4 scrolls of remove curse {unknown}
 n - a scroll of teleportation {unknown}
 o - a scroll of identify {unknown}
 p - a scroll of blinking {unknown}
Potions
 j - a potion of mutation
Books
 d - a book of Debilitation

   Spells                             Type                      Level
   a - Corona                         Hexes                        1
   b - Slow                           Hexes                        2
   c - Inner Flame                    Hexes/Fire                   3
   d - Enslavement                    Hexes                        4
   e - Cause Fear                     Hexes                        4
   f - Leda's Liquefaction            Hexes/Earth                  4
Comestibles
 f - 3 bread rations
 l - a royal jelly
 q - 2 slices of pizza


   Skills:
 - Level 1.0 Fighting
 + Level 3.2 Maces & Flails
 - Level 2.0 Throwing
 - Level 2.0 Dodging
 - Level 1.0 Spellcasting
 - Level 3.0 Hexes


You had 3 spell levels left.
You knew the following spells:

 Your Spells              Type           Power        Failure   Level  Hunger
a - Corona                Hex            #......      21%         1    ##.....


Dungeon Overview and Level Annotations

Branches:
Dungeon (3/15)

Altars:
Gozag
Nemelex Xobeh


Innate Abilities, Weirdness & Mutations

You have large cloven feet.
You have a pair of small horns on your head.
Your mind is acute. (Int +2)


Message History

The orc priest is severely wounded.
The orc priest hits you but does no damage.
The orc hits you with a dagger.
You barely miss the orc priest.
The orc priest is severely wounded.
The orc hits you but does no damage. The orc priest barely misses you.
You closely miss the orc priest.
The orc priest is severely wounded.
The orc hits you but does no damage.
You closely miss the orc priest. Your kick misses the orc priest.
The orc priest is severely wounded.
The orc priest hits you with a whip.
* * * LOW HITPOINT WARNING * * *
The orc closely misses you.
Unknown command.
Drink which item? (? for menu, Esc to quit)
It was a potion of haste.
You feel yourself speed up.
The orc priest mumbles some strange prayers to Beogh against you.
Pain shoots through your body!
You die...

#... ...# ## #..# .
##⌠. ..##.# #.._
..##.. .# ##.⌠.⌠#.##.#
.# ......#.##.# #.##
#..oo##.# ...#
.##.#.#@.(.# ###...#
.........(..# ###...#
.##.#......#####.....#
#.............#...##
##......######.....+
#......######.##.##
#..#.............#
...............####
#..#########.##


You could see an orc priest and an orc.

Vanquished Creatures
  2 adders
  A worm (D:2)
  An orc (D:2)
  2 giant cockroaches (D:1)
  3 hobgoblins
  3 bats
  2 giant newts (D:1)
  4 goblins
  2 kobolds
  4 rats
24 creatures vanquished.

Notes
Turn   | Place    | Note
--------------------------------------------------------------
     0 | D:1      | timbw, the Human Arcane Marksman, began the quest for the Orb.
     0 | D:1      | Reached XP level 1. HP: 15/15 MP: 2/2
   119 | D:1      | Reached skill level 1 in Maces & Flails
   231 | D:1      | Reached XP level 2. HP: 19/21 MP: 3/3
   686 | D:2      | Found an opulent altar of Gozag.
   754 | D:2      | Reached XP level 3. HP: 14/26 MP: 4/4
  1229 | D:3      | Found a sparkling altar of Nemelex Xobeh.
  1234 | D:3      | Gained mutation: You have a pair of small horns on your head. [potion of mutation]
  1234 | D:3      | Gained mutation: You have large cloven feet. [potion of mutation]
  1234 | D:3      | Gained mutation: Your mind is acute. (Int +2) [potion of mutation]
  1245 | D:3      | Killed from afar by an orc priest

Action                   || total
-------------------------++-------
Melee: Whip              ||   107
Throw: Throwing net      ||     3
  Use: Potion            ||     3
 Stab: Held in net/web   ||     1
  Eat: Chunk             ||     1
